 Dungeon Crawl Stone Soup version 0.29.1-15-g9cfb28693d (webtiles) character file.

Game seed: 4195007644675520888

91 McKennaii the Digger (level 4, 0/33 HPs)
             Began as a Demigod Earth Elementalist on Mar 2, 2023.
             Slain by an iron imp (11 damage)
             ... on level 3 of the Dungeon.
             The game lasted 00:01:44 (2573 turns).

McKennaii the Digger (Demigod Earth Elementalist)   Turns: 2573, Time: 00:01:45

Health: 0/33       AC:  2    Str:  9    XL:     4   Next: 11%
Magic:  8/11       EV: 12    Int: 21    God:
Gold:   38         SH:  0    Dex: 14    Spells: 5/9 levels left

rFire   . . .      SeeInvis .   (no weapon)
rCold   . . .      Faith    .   (no shield)
rNeg    . . .      Spirit   .   a - +0 robe
rPois   .          Reflect  .   (no helmet)
rElec   .          Harm     .   (no cloak)
rCorr   .          Rampage  .   (no gloves)
Will    .....                   (no boots)
Stlth   ++........              (no amulet)
HPRegen 0.11/turn               (no ring)
MPRegen 0.12/turn               (no ring)

@: no status effects
A: high MP 1, forlorn, divine attributes
a: no special abilities


You were on level 3 of the Dungeon.
You visited 1 branch of the dungeon, and saw 3 of its levels.

You collected 118 gold pieces.
You spent 80 gold pieces at shops.

Inventory:

Armour
 a - a +0 robe (worn)
Wands
 l - a wand of polymorph (10)
Scrolls
 c - 7 scrolls of identify {unknown}
 d - a scroll of noise {unknown}
 f - a scroll of torment {unknown}
 h - a scroll of enchant weapon {unknown}
 j - a scroll of enchant armour {unknown}
 k - a scroll of amnesia {unknown}
Potions
 b - a potion of magic
 e - 2 potions of curing
 g - a potion of mutation {unknown}
 i - a potion of heal wounds
 m - a potion of berserk rage {unknown}


   Skills:
 - Level 1.7 Dodging
 - Level 1.7 Stealth
 + Level 3.0 Spellcasting
 - Level 0.8 Transmutations
 + Level 3.8 Earth Magic


You had 5 spell levels left.
You knew the following spells:

 Your Spells              Type           Power      Damage    Failure   Level
a - Sandblast             Erth           38%        2d10      2%          1
b - Stone Arrow           Conj/Erth      22%        3d8       19%         3

Your spell library contained the following spells:

 Spells                   Type           Power      Damage    Failure   Level
 Passwall                 Tmut/Erth      10%        N/A       8%          2
 Ensorcelled Hibernation  Hex/Ice        6%         N/A       21%         2
 Swiftness                Air            3%         N/A       36%         3
 Petrify                  Tmut/Erth      13%        N/A       45%         4


Dungeon Overview and Level Annotations

Branches:
Dungeon (3/15)

Shops:
D:2 !


Innate Abilities, Weirdness & Mutations

You have an increased reservoir of magic. (+10% MP)
You shall have no god before yourself.
Your divine heritage dramatically boosts your attributes as you level up.


Message History

You can't see any susceptible monsters within range! (Use Z to cast anyway.)
Found a snail-covered altar of Cheibriados.
Found an escape hatch in the ceiling.
An iron imp opens the door.
You can't see any susceptible monsters within range! (Use Z to cast anyway.)
An iron imp is nearby!
The blast of sand hits the iron imp.
The iron imp is moderately wounded.
The iron imp hits you! The iron imp hits you.
You hit the iron imp.
The iron imp is heavily wounded.
An iron imp is nearby!
You hit the iron imp but do no damage.
The iron imp is heavily wounded.
The iron imp hits you!
You are too injured to fight recklessly!
An iron imp is nearby!
You are too injured to fight recklessly!
Casting: Sandblast (safe; 2% risk of failure)
Confirm with . or Enter, or press ? or * to list all spells.
Aiming: Sandblast (safe; 2% risk of failure)
Press: ? - help, Shift-Dir - straight line, f/p - iron imp
Aim: an iron imp (heavily wounded, 87% to hit)
The blast of sand hits the iron imp but does no damage.
The iron imp is heavily wounded.
The iron imp closely misses you.
Unknown command.
Casting: Sandblast (safe; 2% risk of failure)
Confirm with . or Enter, or press ? or * to list all spells.
The spell is quite dangerous to miscast (19% risk of failure)!
Continue anyway?
Okay, then.
Casting: Stone Arrow (quite dangerous; 19% risk of failure)
Confirm with . or Enter, or press ? or * to list all spells.
Aiming: Sandblast (safe; 2% risk of failure)
Press: ? - help, Shift-Dir - straight line, f/p - iron imp
Aim: an iron imp (heavily wounded, 87% to hit)
The blast of sand hits the iron imp.
The iron imp is heavily wounded.
The iron imp closely misses you. The iron imp hits you!
You die...

#.# ##.# ## #.# ## ..
.#####.### ..#.##
.........#... ...#
...).......#######.###########
..........##.....#...........#
....).....#.#####..#########.#
..)†......#.#_.5##.# #.#
..........#.#<.#@#[# #.#
#########.#.####.#.# ######.#
.# .##....##.# #......# .####
.######..# #.###### ....# .##
#.# ###.### . #.# #...# #.#
###.## #.# #..# #.#


You could see an iron imp.

Vanquished Creatures
  2 adders (D:2)
  A worm (D:3)
  2 dart slugs (D:2)
  3 orcs (D:3)
  2 ball pythons (D:1)
  5 bats
  4 endoplasms
  2 giant cockroaches
  6 goblins
  8 hobgoblins
  6 jackals
  3 kobolds
  3 quokkas
  5 rats
52 creatures vanquished.

Notes
Turn   | Place    | Note
-------+----------+-------------------------------------------
     0 | D:1      | McKennaii the Demigod Earth Elementalist began the quest
                  | for the Orb.
     0 | D:1      | Reached XP level 1. HP: 14/14 MP: 5/5
   461 | D:1      | Reached XP level 2. HP: 15/20 MP: 4/7
  1024 | D:1      | Reached XP level 3. HP: 26/26 MP: 7/9
  1028 | D:1      | Learned a level 3 spell: Stone Arrow
  1798 | D:2      | Found Faonine's Distillery.
  1922 | D:2      | Bought a potion of heal wounds for 50 gold pieces
  1922 | D:2      | Bought a potion of curing for 30 gold pieces
  2245 | D:3      | Reached XP level 4. HP: 33/33 MP: 8/11
  2573 | D:3      | Slain by an iron imp

Illustrated notes

Levels and vault maps discovered:
D:1:      minmay_arrival_diagonal_passages, layout_loops_cross
D:2:      layout_loops_ring, serial_shops, nicolae_lakefront_shop
D:3:      layout_basic, lightli_temple_of_fire, chei_slow_surprise,
          mainiacjoe_overflow_brackets, nicolae_ecumenical_oubliette,
          minmay_misc_feat_ornament, chequers_garden

Skill      XL: |  1  2  3 |
---------------+----------+-----
Spellcasting   | 2 3 |  3.0
Earth Magic    | 3 |  3.8
Dodging        | |  1.7
Stealth        | |  1.7
Transmutations | |  0.8

Action                   |  1- 3 |  4- 6 || total
-------------------------+-------+-------++-------
Melee: Unarmed           |    23 |     6 ||    29
 Cast: Sandblast         |    67 |    11 ||    78
Armor: Robe              |     7 |     2 ||     9
Dodge: Dodged            |    31 |    11 ||    42
